 Dungeon Crawl Stone Soup version 0.27-a0-277-g024f7ef292 (webtiles) character file.

Game seed: 16839010607462486345

4075 Nattfarinn the Transmogrifier (level 10, -1/81 HPs)
             Began as a Red Draconian Transmuter on Feb 7, 2021.
             Was a Believer of Okawaru.
             Slain by a hound (4 damage)
             ... on level 8 of the Dungeon.
             The game lasted 00:23:29 (11861 turns).

Nattfarinn the Transmogrifier (DrTm)               Turns: 11861, Time: 00:23:30

Health: -1/81      AC:  8    Str: 12    XL:     10   Next: 5%
Magic:  7/13       EV: 16    Int: 16    God:    Okawaru [**....]
Gold:   454        SH:  0    Dex: 15    Spells: 4/13 levels left

rFire    + . .     SeeInvis .     - Unarmed
rCold    . . .     Faith    .   (shield currently unavailable)
rNeg     . . .     Spirit   .   (armour unavailable)
rPois    .         Reflect  .   (helmet restricted)
rElec    .         Harm     .   u - +0 cloak
rCorr    .         Rampage  .   (gloves currently unavailable)
Will     .....                  (no boots)
Stlth    +++.......             (no amulet)
HPRegen  0.63/turn              (no ring)
MPRegen  0.13/turn              (no ring)

@: blade hands, heroism
A: breathe fire, unfitting armour, agile 1, fire resistance 1, regeneration 1,
cold-blooded, subdued magic 1, AC +7
a: Breathe Fire, End Transformation, Renounce Religion, Heroism


You were on level 8 of the Dungeon.
You worshipped Okawaru.
Okawaru was pleased with you.
You had blades for hands.
You visited 2 branches of the dungeon, and saw 10 of its levels.

You collected 598 gold pieces.
You spent 144 gold pieces at shops.

Inventory:

Hand Weapons
 B - the +6 Majin-Bo {vamp, MP+6 Int+6}
   (You found it on level 5 of the Dungeon)

   It inflicts no extra harm, but heals its wielder when it wounds a living foe.
   It affects your intelligence (+6).
   It affects your magic capacity (+6).
 E - the +6 trident "Nuysan" (melded) {vorpal, rF+}
   (You found it on level 6 of the Dungeon)

   It inflicts extra damage upon your enemies.
   It protects you from fire.
Missiles
 a - 19 boomerangs
 d - 32 poisoned darts (quivered)
Armour
 u - a +0 cloak (worn)
 A - a +1 pair of gloves of dexterity (melded)
Magical Staves
 f - an uncursed staff of fire {unknown}
Jewellery
 p - an uncursed ring of magical power {unknown}
Wands
 n - a wand of acid (9)
 s - a wand of iceblast (9)
 w - a wand of polymorph (6)
 z - a wand of digging (6)
 G - a wand of random effects (12)
 H - a wand of paralysis (9)
 J - a wand of flame (12)
 L - a wand of mindburst (10)
Scrolls
 i - 3 scrolls of remove curse
 j - 2 scrolls of magic mapping
 k - a scroll of blinking {unknown}
 l - 5 scrolls of teleportation
 m - 2 scrolls of random uselessness
 t - 4 scrolls of enchant weapon {unknown}
 v - a scroll of immolation {unknown}
 y - 3 scrolls of amnesia
 C - 2 scrolls of fog {unknown}
 D - a scroll of acquirement {unknown}
 I - a scroll of enchant armour {unknown}
 K - 3 scrolls of identify
Potions
 b - a potion of heal wounds {unknown}
 c - a potion of cancellation {unknown}
 e - 2 potions of curing
 g - 2 potions of berserk rage
 h - 2 potions of might {unknown}
 o - 3 potions of magic
 q - a potion of ambrosia {unknown}
 r - a potion of brilliance {unknown}
 x - 2 potions of attraction
 F - a potion of flight {unknown}


   Skills:
 + Level 5.0(10.0) Fighting
 - Level 1.7(6.7) Dodging
 * Level 5.1(10.1) Unarmed Combat
 - Level 2.0 Spellcasting
 - Level 12.0 Transmutations
 - Level 5.0 Poison Magic


You had 4 spell levels left.
You knew the following spells:

 Your Spells              Type           Power        Failure   Level
a - Beastly Appendage     Tmut           60%          6%          1
b - Spider Form           Tmut/Pois      11%          17%         3
c - Blade Hands           Tmut           15%          26%         5

Your spell library contained the following spells:

 Spells                   Type           Power        Failure   Level
 Wereblood                Tmut           30%          7%          2
 Ice Form                 Ice/Tmut       16%          54%         4
 Magic Dart               Conj           4%           58%         1
 Searing Ray              Conj           2%           69%         2
 Dazzling Flash           Conj/Hex       2%           86%         3
 Fulminant Prism          Conj/Hex       0%           99%         4
 Iskenderun's Mystic Bla  Conj/Tloc      1%           99%         4


Dungeon Overview and Level Annotations

Branches:
Dungeon (9/15)             Temple (1/1) D:6
   Lair: D:8-11         Orc: D:9-12

Altars:
Ashenzari
Cheibriados
Dithmenos
Elyvilon
Fedhas
Gozag
Hepliaklqana
Kikubaaqudgha
Makhleb
Nemelex Xobeh
Okawaru
Qazlal
Ru
Sif Muna
Trog
Uskayaw
Vehumet
Wu Jian
Xom
Yredelemnul
Zin

Shops:
D:8 *(

Annotations:
D:2 1 runed translucent door, Crazy Yiuf
D:5 3 runed translucent doors, anet's ghost, amateur GnDe


Innate Abilities, Weirdness & Mutations

You can breathe blasts of fire.
Your fiery red scales are hard. (AC +7)
You cannot fit into any form of body armour.
Your flesh is heat resistant. (rF+)
You are cold-blooded and may be slowed by cold attacks.
You are agile. (Dex +2)
Your natural rate of healing is unusually fast.
Your spells are a little easier to cast, but a little less powerful.


Message History

Your Unarmed Combat skill increases to level 5!
You feel better. The hound bites you but does no damage. The wolf bites you.
* * * LOW HITPOINT WARNING * * *
The hound barely misses you. The leopard gecko misses you.
You gain the combat prowess of a mighty hero.
The hound closely misses you. The wolf bites you!
* * * LOW HITPOINT WARNING * * *
The hound barely misses you. The leopard gecko misses you.
The wolf barely misses you. The hound closely misses you. The hound misses you.
Unknown command.
You slice the wolf!!
You kill the wolf!
Okawaru accepts your kill. The hound barely misses you.
The leopard gecko completely misses you.
The hound closely misses you.
You closely miss the hound.
The hound is severely wounded.
The hound misses you. The hound bites you.
You die...

.##########..##[....##..###..#
.##########..###'#############
.......#......#......#.....#
.......#......#......#.....#
.......#......#......#....##
.......#.)....#.....[#....##
...######)..###.##..##.....#
...######...###)######>...##
............#..h@l..##....##
............#..[h...#......#
............#.......#.....#####
............'.......#.....##..##
.....##.....#....[รท.#..........#
.....##..##.#..###..##.........#
.....#############..##(........#
..........# #.....'..........#
.....##...# #.....##....##..###


You could see 2 hounds and a leopard gecko.

Vanquished Creatures
  A wyvern (D:8)
  Menkaure (D:4)
  A water moccasin (D:8)
  Duvessa (D:7)
  5 orc warriors
  A black bear (D:8)
  A necrophage (D:8)
  A sky beast (D:5)
  6 ogres
  3 wolves (D:8)
  3 centaurs
  2 bullfrogs
  A gnoll sergeant (D:5)
  Dowan (D:7)
  A water moccasin skeleton (D:8)
  3 scorpions
  4 howler monkeys
  A centaur zombie (D:7)
  5 orc priests
  A bullfrog skeleton (D:9)
  2 centaur skeletons
  3 hounds
  A jelly (D:6)
  Ijyb (D:3)
  Natasha (thrice) (D:2)
  3 iguanas
  7 orc wizards
  4 worker ants
  3 worker ant zombies (D:8)
  8 gnolls
  13 adders
  A howler monkey skeleton (D:9)
  2 shadow imps (D:8)
  2 white imps
  3 ufetubi
  3 oozes
  3 adder skeletons
  An adder zombie (D:9)
  2 dart slugs
  6 leopard geckos
  31 orcs
  10 bats
  3 giant cockroaches
  9 goblins
  4 hobgoblins
  7 jackals
  9 kobolds
  3 quokkas
  4 ball pythons
  8 frilled lizards
  A jackal skeleton (D:3)
  A quokka skeleton (D:4)
  A quokka zombie (D:8)
  10 rats
215 creatures vanquished.

Vanquished Creatures (others)
  A quokka (D:7)
  3 fungi (D:2)
  2 withered plants (D:8)
6 creatures vanquished.

Grand Total: 221 creatures vanquished

Notes
Turn   | Place    | Note
-------+----------+-------------------------------------------
     0 | D:1      | Nattfarinn the Draconian Transmuter began the quest for the
                  | Orb.
     0 | D:1      | Reached XP level 1. HP: 16/16 MP: 3/3
   269 | D:1      | Reached XP level 2. HP: 10/24 MP: 3/5
  1148 | D:1      | Reached XP level 3. HP: 12/30 MP: 4/6
  1898 | D:2      | Found a glowing silver altar of Zin.
  1898 | D:2      | Found a hide-covered altar of Uskayaw.
  1902 | D:2      | Found a sparkling altar of Nemelex Xobeh.
  1996 | D:2      | Noticed Natasha
  2005 | D:2      | Killed Natasha
  2006 | D:2      | Reached XP level 4. HP: 24/38 MP: 4/7
  2288 | D:2      | Found a white marble altar of Elyvilon.
  2345 | D:2      | Noticed Natasha
  2352 | D:2      | Killed Natasha
  2353 | D:2      | Reached skill level 3 in Transmutations
  2380 | D:2      | Noticed Natasha
  2390 | D:2      | Killed Natasha
  2391 | D:2      | Reached XP level 5. HP: 25/46 MP: 6/8
  2827 | D:2      | Found a bloodstained altar of Trog.
  3009 | D:2      | Found a runed translucent door.
  3010 | D:2      | Noticed Crazy Yiuf
  3132 | D:3      | Noticed Ijyb
  3146 | D:3      | Killed Ijyb
  3249 | D:3      | Learned a level 3 spell: Spider Form
  3695 | D:3      | Found a sacrificial altar of Ru.
  3921 | D:3      | You fall into a shaft and drop 1 floor!
  4226 | D:4      | Reached XP level 6. HP: 33/53 MP: 9/9
  4231 | D:4      | Reached skill level 4 in Transmutations
  4231 | D:4      | Reached skill level 1 in Poison Magic
  4784 | D:4      | Noticed Menkaure
  4814 | D:4      | Killed Menkaure
  4815 | D:4      | Reached skill level 5 in Transmutations
  4815 | D:4      | Your scales start taking on a fiery red colour.
  4815 | D:4      | Reached XP level 7. HP: 60/60 MP: 10/10
  4815 | D:4      | Gained mutation: Your flesh is heat resistant. (rF+) [Red
                  | Draconian growth]
  5147 | D:4      | Learned a level 5 spell: Blade Hands
  5152 | D:5      | Entered Level 5 of the Dungeon
  5488 | D:5      | Found the +6 Majin-Bo {vamp, MP+6 Int+6}
  5759 | D:5      | Reached skill level 6 in Transmutations
  5785 | D:5      | Found a runed translucent gate.
  5786 | D:5      | Found a runed translucent gate.
  5787 | D:5      | Found a runed translucent gate.
  5788 | D:5      | Noticed anet's ghost (amateur GnDe)
  6203 | D:5      | Found a stormy altar of Qazlal.
  6204 | D:5      | Noticed an air elemental
  6206 | D:5      | Noticed a fire elemental
  6206 | D:5      | Noticed a water elemental
  7046 | D:6      | Reached XP level 8. HP: 66/67 MP: 11/11
  7089 | D:6      | Found a staircase to the Ecumenical Temple.
  7123 | D:6      | Reached skill level 7 in Transmutations
  7150 | Temple   | Entered the Ecumenical Temple
  7486 | D:6      | Got a masterwork trident
  7487 | D:6      | Identified the +6 trident "Nuysan" {vorpal, rF+} (You found
                  | it on level 6 of the Dungeon)
  8076 | D:6      | Found a shadowy altar of Dithmenos.
  8104 | D:6      | Reached skill level 8 in Transmutations
  8104 | D:6      | Reached skill level 5 in Poison Magic
  8977 | D:7      | Reached skill level 9 in Transmutations
  9126 | D:7      | Found a white marble altar of Elyvilon.
  9324 | D:7      | Noticed Duvessa
  9339 | D:7      | Killed Duvessa
  9340 | D:7      | Reached XP level 9. HP: 39/72 MP: 9/12
  9343 | D:7      | Noticed Dowan
  9373 | D:7      | HP: 3/72 [Dowan/stone arrow (15)]
  9375 | D:7      | Killed Dowan
  9661 | D:7      | Gained mutation: Scrolls take you a little longer to read.
                  | [potion of mutation]
  9661 | D:7      | Gained mutation: Your spells are a little easier to cast,
                  | but a little less powerful. [potion of mutation]
  9661 | D:7      | Gained mutation: You are resistant to electric shocks.
                  | (rElec) [potion of mutation]
  9661 | D:7      | Gained mutation: You have sharp fingernails. [potion of
                  | mutation]
  9662 | D:7      | Lost mutation: Scrolls take you a little longer to read.
                  | [potion of mutation]
  9662 | D:7      | Lost mutation: You are resistant to electric shocks.
                  | (rElec) [potion of mutation]
  9662 | D:7      | Lost mutation: You have sharp fingernails. [potion of
                  | mutation]
  9662 | D:7      | Gained mutation: You are agile. (Dex +2) [potion of
                  | mutation]
  9662 | D:7      | Gained mutation: Your natural rate of healing is unusually
                  | fast. [potion of mutation]
  9728 | D:7      | Found an iron altar of Okawaru.
  9742 | D:7      | Became a worshipper of Warmaster Okawaru
 10037 | D:8      | Found a radiant altar of Vehumet.
 10167 | D:8      | Reached skill level 10 in Transmutations
 10370 | D:8      | Found an ancient bone altar of Kikubaaqudgha.
 10484 | D:8      | Found a basalt altar of Yredelemnul.
 10498 | D:8      | Reached * piety under Okawaru
 10581 | D:8      | Found Weposhes's Weapon Emporium.
 10799 | D:8      | Found Emashoy's Assorted Antiques.
 10806 | D:8      | Bought a scroll of identify for 48 gold pieces
 10806 | D:8      | Bought 2 scrolls of identify for 96 gold pieces
 10821 | D:8      | Reached skill level 11 in Transmutations
 11398 | D:8      | Reached ** piety under Okawaru
 11573 | D:8      | Reached skill level 12 in Transmutations
 11688 | D:9      | Noticed a manticore
 11805 | D:8      | Reached XP level 10. HP: 69/80 MP: 7/13
 11850 | D:9      | Noticed a two-headed ogre
 11857 | D:8      | HP: 3/80 [hound (5)]
 11858 | D:8      | Reached skill level 5 in Fighting
 11858 | D:8      | Reached skill level 5 in Unarmed Combat
 11861 | D:8      | Slain by a hound

Illustrated notes

Levels and vault maps discovered:
D:1:      erik_arrival_triangle_large, layout_basic
D:2:      layout_basic, overflow_temple_1_default, grunt_temple_overflow_open,
          lemuel_tele_altar, uniq_crazy_yiuf_cottage, uniq_natasha
D:3:      layout_rooms, nicolae_ru_awakened_eye, uniq_ijyb
D:4:      layout_basic, uniq_menkaure
D:5:      minmay_chambers_of_fours, layout_basic, gammafunk_ghost_split,
          nicolae_qazlal_style_of_elements
D:6:      layout_loops_ring, grunt_dithmenos_smoke, minmay_temple_entry_tees
D:7:      layout_cave_pools, elyvilon_altar_4, okawaru_altar_gauntlet_db,
          uniq_duvessa
D:8:      layout_gridville, kiku_gazebo_garden_becter, kennysheep_mini,
          serial_shops, shop, nicolae_shop_behind_doors, vehumet_altar_wand_db
D:9:      layout_cave_pools, nicolae_tso_swordbearing_angel, erik_lair_island,
          serial_park
Temple:   eino_temple_lava

Skill      XL: |  1  2  3  4  5  6  7  8  9 10 |
---------------+-------------------------------+-----
Fighting       | 2 3 4 5 |  5.0
Transmutations | 3 5 6 9 12 | 12.0
Unarmed Combat | 4 5 |  5.1
Poison Magic   | 2 3 5 |  5.0
Dodging        | |  1.7
Spellcasting   | |  2.0

Action                   |  1- 3 |  4- 6 |  7- 9 | 10-12 || total
-------------------------+-------+-------+-------+-------++-------
Melee: Unarmed           |   133 |   207 |   299 |     6 ||   645
       Kick              |    13 |    30 |     1 |       ||    44
       Headbutt          |    10 |    18 |       |       ||    28
       Tailslap          |     5 |    24 |    24 |       ||    53
       Punch             |       |     4 |       |       ||     4
       Trident           |       |       |   115 |       ||   115
       Quarterstaff      |       |       |     2 |       ||     2
Throw: Dart              |     4 |       |       |       ||     4
 Cast: Beastly Appendage |    19 |    30 |     2 |       ||    51
       Spider Form       |       |     2 |    33 |       ||    35
       Blade Hands       |       |       |     7 |     1 ||     8
Invok: Heroism           |       |       |       |     1 ||     1
Evoke: Wand              |       |     2 |       |       ||     2
  Use: Scroll            |       |       |     9 |       ||     9
       Potion            |       |       |     5 |     1 ||     6
 Stab: Sleeping          |     3 |       |     3 |       ||     6
Armor: Skin              |    66 |    52 |   110 |    14 ||   242
Dodge: Dodged            |   120 |   153 |   337 |    34 ||   644

Table legend: (Time is in decaauts)
 A = Elapsed time spent in this place.
 B = Non-inter-level travel time spent in this place.
 C = Inter-level travel time spent in this place.
 D = Time resting spent in this place.
 E = Time spent auto-exploring this place.
 F = Levels seen in this place.
 G = Mean time per level.
                   A        B        C        D        E       F      G
               +--------+--------+--------+--------+--------+-----+--------+
         Total |  11863 |  11571 |    292 |   4481 |   5281 |  10 | 1186.3 |
       Dungeon |  11736 |  11451 |    285 |   4481 |   5180 |   9 | 1304.0 |
        Temple |    126 |    119 |      7 |      0 |    101 |   1 |  126.0 |
               +--------+--------+--------+--------+--------+-----+--------+

Top non-repeatable levels by time:
     D:5: 1951 daAuts
     D:8: 1790 daAuts
     D:2: 1573 daAuts
     D:1: 1457 daAuts
     D:6: 1416 daAuts
     D:4: 1175 daAuts
     D:7: 1166 daAuts
     D:3: 1133 daAuts
  Temple: 126 daAuts
     D:9: 71 daAuts
